Map: Ever Dream LE

Players

TIME (Oliveira)

  • Race: Terran Terran
  • League: Grandmaster
  • Spawn Location: 7:00

Zest - Winner!

  • Race: Protoss Protoss
  • League: Master
  • Spawn Location: 1:00

Event: Shopify TSL 5

VOD

Have the link to the VOD?

Description

Time

  • Played on: May 23, 2020, 12:32 p.m.
  • Length: 5:42

All games in this series

Show
View Real Time Build Order
Export as new Build Order

TIME Terran 

Build Orders: 1/1/1 

Get SALT Encoding   

  12  0:00  SCV  
  13  0:13  SCV  
  14  0:17  Supply Depot  
  14  0:25  SCV  
  15  0:39  SCV, Barracks  
  16  0:46  Refinery  
  16  0:51  SCV  
  16  0:56  Refinery  
  17  1:03  SCV  
  18  1:15  SCV  
  19  1:27  Marine, Orbital Command  
  20  1:34  Factory  
  20  1:44  Supply Depot  
  20  1:46  Barracks Reactor  
  20  1:53  SCV  
  21  2:05  SCV  
  22  2:18  SCV  
  22  2:21  Factory Tech Lab  
  22  2:22  Starport, Marine x2  
  23  2:28  Bunker  
  25  2:31  SCV  
  26  2:41  Siege Tank  
  26  2:42  Marine x2  
  30  2:46  Supply Depot  
  30  2:50  SCV  
  31  3:02  Marine  
  31  3:06  Marine  
  30  3:13  Siege Tank  
  33  3:20  Marine  
  33  3:22  Medivac  
  33  3:24  Marine  
  37  3:27  Supply Depot  
  37  3:31  SCV  
  38  3:38  Marine  
  38  3:42  Marine  
  38  3:44  SCV  
  37  3:48  Siege Tank  
  35  3:56  Marine  
  33  4:07  Marine  
  30  4:14  Marine  
  30  4:25  Marine  
  22  4:32  Marine  
  22  4:35  Medivac  
  25  4:43  SCV, Marine  
  27  4:50  Marine  
  27  4:57  SCV  
  28  5:10  SCV  
  28  5:12  Marine  
  29  5:19  Marine  
  27  5:27  SCV  
Show
View Real Time Build Order
Export as new Build Order

Zest Protoss - Winner!

Build Orders: 1 Gate Expand 

Get SALT Encoding   

  12  0:00  Probe  
  13  0:12  Probe  
  14  0:17  Pylon  
  14  0:25  Probe (Chrono Boost)  
  15  0:36  Gateway  
  15  0:37  Probe (Chrono Boost)  
  16  0:45  Probe (Chrono Boost)  
  16  0:46  Assimilator  
  17  0:51  Probe  
  18  1:03  Probe  
  19  1:15  Probe  
  20  1:23  Cybernetics Core  
  20  1:32  Nexus  
  20  1:37  Zealot (Chrono Boost)  
  22  1:45  Pylon  
  22  1:47  Probe  
  23  2:01  Warp Gate (Chrono Boost)  
  23  2:02  Stalker (Chrono Boost)  
  23  2:03  Probe  
  26  2:11  Assimilator  
  26  2:15  Probe  
  26  2:24  Stalker  
  26  2:27  Probe  
  29  2:39  Probe  
  30  2:52  Gateway  
  30  2:54  Gateway  
  30  2:56  Stalker  
  32  3:00  Probe  
  33  3:11  Probe  
  34  3:16  Robotics Facility  
  34  3:20  Shield Battery  
  34  3:23  Shield Battery  
  34  3:45  Stalker  
  36  3:49  Stalker x2  
  40  4:00  Immortal (Chrono Boost)  
  40  4:18  Stalker x3  
  35  4:37  Warp Prism (Chrono Boost)  
  37  5:04  Stalker x2  
  41  5:18  Stalker  
  37  5:32  Stalker  
Tags
 
Add a new tag
Caveats
  • Supply blocks, unpowered buildings, or Contaminate may cause inaccurate times.
  • Supply counts are checked every 10 seconds.